Map: [ESL] Inside and Out

Players

Zoun

  • Race: Protoss Protoss
  • Spawn Location: 1:00

LiquidClem (Clem) - Winner!

  • Race: Terran Terran
  • League: Grandmaster
  • Spawn Location: 7:00

Event: HomeStory Cup XXII

VOD

Have the link to the VOD?

Description

Time

  • Played on: Dec. 17, 2022, 8:03 a.m.
  • Length: 24:20

All games in this series

Show
View Real Time Build Order
Export as new Build Order

Zoun Protoss 

Build Orders: 1 Gate Expand, Blink Stalkers, Colossus Rush 

Get SALT Encoding   

  12  0:01  Probe  
  13  0:13  Probe  
  14  0:19  Pylon  
  14  0:26  Probe (Chrono Boost)  
  15  0:38  Probe (Chrono Boost), Gateway  
  16  0:46  Probe (Chrono Boost)  
  16  0:48  Assimilator  
  17  0:52  Probe  
  18  1:04  Probe  
  19  1:16  Probe  
  20  1:28  Cybernetics Core  
  20  1:34  Nexus  
  20  1:36  Probe  
  21  1:43  Pylon  
  21  1:48  Probe  
  21  1:52  Assimilator  
  22  2:00  Probe  
  22  2:01  Adept (Chrono Boost)  
  23  2:06  Shield Battery  
  25  2:10  Warp Gate  
  25  2:13  Probe  
  26  2:22  Adept (Chrono Boost)  
  28  2:30  Twilight Council  
  28  2:34  Probe  
  29  2:44  Stalker  
  31  2:51  Probe  
  31  2:56  Probe  
  33  2:59  Blink (Chrono Boost)  
  33  3:02  Gateway  
  33  3:04  Probe  
  34  3:10  Probe  
  35  3:20  Shield Battery  
  35  3:21  Probe  
  35  3:22  Probe  
  37  3:29  Robotics Facility  
  37  3:33  Probe  
  38  3:38  Probe, Gateway  
  39  3:46  Pylon  
  39  3:49  Probe  
  39  3:54  Probe  
  41  3:58  Stalker x2  
  41  4:01  Probe  
  46  4:06  Probe  
  47  4:13  Probe, Pylon  
  47  4:16  Warp Prism  
  50  4:19  Probe  
  50  4:23  Stalker  
  53  4:25  Probe  
  54  4:32  Stalker  
  54  4:33  Probe  
  56  4:44  Assimilator  
  56  4:45  Robotics Bay  
  56  4:46  Probe  
  56  4:48  Probe  
  56  4:49  Stalker  
  60  4:55  Observer  
  60  4:56  Pylon  
  61  5:01  Probe  
  61  5:02  Assimilator  
  61  5:03  Pylon  
  62  5:14  Probe x2  
  62  5:16  Stalker x2  
  68  5:31  Nexus  
  68  5:33  Colossus (Chrono Boost)  
  74  5:48  Pylon  
  74  5:52  Extended Thermal Lance, Gateway  
  74  5:53  Gateway  
  74  5:56  Observer  
  74  5:58  Charge (Chrono Boost)  
  74  5:59  Observer  
  74  6:09  Gateway x2  
  74  6:11  Gateway  
  74  6:14  Probe x2  
  76  6:19  Colossus (Chrono Boost)  
  76  6:22  Observer  
  82  6:28  Observer  
  82  6:29  Pylon  
  82  6:30  Probe  
  82  6:31  Probe  
  84  6:37  Observer  
  80  6:40  Sentry x2  
  80  6:43  Probe x2  
  80  6:46  Probe  
  80  6:47  Forge  
  87  6:55  Shield Battery, Probe x2  
  87  6:58  Probe  
  90  7:04  Disruptor (Chrono Boost)  
  90  7:07  Probe  
  94  7:11  Zealot  
  94  7:12  Zealot x2  
  94  7:13  Zealot  
  102  7:19  Protoss Ground Weapons Level 1 (Chrono Boost)  
  102  7:29  Zealot  
  102  7:30  Zealot x3  
  106  7:38  Zealot  
  106  7:41  Probe  
  103  7:44  Probe x2  
  103  7:48  Observer  
  103  7:50  Zealot x5  
  109  7:53  Zealot, Probe  
  109  7:58  Zealot x2  
  104  8:02  Probe  
  91  8:06  Probe  
  91  8:07  Probe  
  93  8:13  Disruptor (Chrono Boost)  
  93  8:14  Probe  
  93  8:15  Observer  
  93  8:19  Probe x2  
  99  8:23  Observer, Pylon  
  99  8:26  Probe  
  100  8:29  Pylon  
  100  8:30  Pylon  
  100  8:31  Probe  
  101  8:34  Robotics Facility  
  101  8:35  Observer, Templar Archives  
  101  8:38  Stalker x2  
  101  8:40  Observer  
  105  8:44  Observer  
  105  8:47  Colossus (Chrono Boost)  
  108  8:48  Observer  
  108  8:52  Pylon  
  111  8:56  Nexus  
  111  8:58  Zealot x2  
  111  9:02  Observer, Probe x2  
  117  9:05  Pylon  
  117  9:11  High Templar x3  
  117  9:16  High Templar  
  117  9:17  Zealot x2, Archon  
  123  9:21  Archon  
  123  9:22  Observer  
  123  9:24  Zealot x2  
  129  9:29  Shield Battery  
  129  9:30  Photon Cannon  
  129  9:31  Protoss Ground Weapons Level 2  
  131  9:34  Gateway  
  131  9:35  Gateway  
  131  9:38  Probe x2  
  133  9:41  Zealot  
  133  9:45  Zealot  
  137  9:48  Observer  
  134  9:54  Probe  
  134  9:55  Stalker  
  134  9:56  Stalker x2  
  140  10:10  Zealot x3  
  140  10:12  Probe x2  
  148  10:19  Zealot x3  
  148  10:22  Observer  
  138  10:38  Zealot x5  
  138  10:39  Zealot x2  
  152  10:44  Disruptor  
  152  10:46  Zealot x2  
  128  11:05  Zealot x8  
  123  11:14  Disruptor (Chrono Boost), Zealot x2  
  123  11:16  Disruptor (Chrono Boost)  
  108  11:22  Probe x2  
  108  11:23  Probe  
  96  11:31  Stalker x4  
  101  11:35  Zealot x2  
  101  11:37  High Templar  
  101  11:38  Sentry, High Templar  
  111  11:42  Disruptor (Chrono Boost), Archon  
  110  11:57  Observer (Chrono Boost)  
  110  11:59  Forge  
  111  12:02  Zealot x5  
  111  12:05  Nexus  
  121  12:09  Disruptor (Chrono Boost)  
  121  12:11  Pylon  
  121  12:13  Zealot x4  
  126  12:23  Stalker x3  
  126  12:29  Shield Battery  
  132  12:30  Photon Cannon  
  132  12:34  Zealot x2  
  132  12:37  Disruptor (Chrono Boost)  
  132  12:39  Disruptor (Chrono Boost)  
  132  12:42  Zealot  
  140  12:49  Zealot, Stalker x2  
  140  12:50  Zealot  
  140  12:53  Protoss Ground Armor Level 1 (Chrono Boost)  
  132  13:21  Zealot x3  
  132  13:22  Zealot x7  
  132  13:23  Disruptor x2 (Chrono Boost)  
  128  13:37  Photon Cannon  
  124  13:41  Zealot x2  
  124  13:42  Zealot x4  
  124  13:44  Stalker x2  
  122  13:56  Disruptor (Chrono Boost)  
  122  13:59  Observer  
  113  14:06  Shield Battery  
  113  14:08  Zealot x7  
  127  14:17  Stalker x3  
  126  14:32  Disruptor  
  126  14:35  Zealot x2, Colossus  
  133  14:46  Stalker  
  133  14:47  Stalker x2  
  133  14:48  Zealot x3  
  145  14:54  Zealot x2  
  145  14:59  Zealot x2  
  143  15:07  Observer  
  143  15:11  Zealot  
  143  15:12  Disruptor  
  134  15:26  Zealot x7  
  146  15:35  Zealot x3  
  152  15:39  Disruptor  
  151  15:48  Disruptor (Chrono Boost)  
  130  16:05  Zealot x9  
  130  16:06  Zealot, Probe x2  
  130  16:09  Assimilator x2  
  139  16:12  Disruptor (Chrono Boost)  
  134  16:21  Disruptor (Chrono Boost)  
  133  16:32  Zealot x8  
  141  16:35  Assimilator  
  141  16:39  Assimilator  
  139  16:44  Disruptor (Chrono Boost)  
  142  16:47  Zealot x2  
  142  16:53  Zealot x4  
  142  16:54  Colossus (Chrono Boost)  
  154  17:01  Zealot x4  
  154  17:08  Protoss Ground Armor Level 2 (Chrono Boost)  
  130  17:17  Warp Prism (Chrono Boost)  
  130  17:26  Zealot x6  
  126  17:37  Disruptor (Chrono Boost)  
  126  17:42  Stalker x2  
  126  17:43  Disruptor (Chrono Boost), Zealot  
  129  17:46  Protoss Ground Weapons Level 3 (Chrono Boost)  
  128  17:59  Assimilator x2  
  128  18:02  Zealot x3, Stalker  
  134  18:07  Observer (Chrono Boost)  
  135  18:15  Zealot  
  137  18:22  Disruptor (Chrono Boost)  
  137  18:23  Disruptor (Chrono Boost)  
  137  18:25  Zealot x5  
  153  18:36  Zealot x4, Sentry  
  163  18:51  Disruptor x2 (Chrono Boost)  
  153  18:57  Zealot x4  
  161  19:08  Stalker x3  
  165  19:12  Zealot x2  
  166  19:18  Stalker  
  166  19:22  Disruptor x2 (Chrono Boost)  
  171  19:32  Zealot x3  
  173  19:48  Zealot x2  
  173  19:50  Disruptor x2  
  183  20:05  Protoss Ground Armor Level 3  
  183  20:14  Zealot x2  
  183  20:23  Stalker x2  
  185  20:30  Disruptor  
  185  20:34  Zealot x3  
  159  20:44  Zealot x5  
  147  20:52  Zealot x2  
  133  21:07  Disruptor x2 (Chrono Boost)  
  133  21:10  Observer  
  139  21:16  Stalker  
  139  21:17  Stalker x5  
  137  21:30  Stalker  
  139  21:39  Nexus  
  139  21:40  Colossus x2 (Chrono Boost)  
  139  21:43  Dark Shrine, Pylon  
  151  21:50  Stalker x3  
  156  21:57  Stalker x2  
  156  22:00  Stalker  
  145  22:22  Observer x2  
  123  22:41  Stalker x3  
  123  22:43  Disruptor x2 (Chrono Boost)  
  128  22:52  Stargate  
  127  23:00  Dark Templar x2  
  127  23:05  Sentry, High Templar  
  133  23:06  High Templar  
  133  23:09  Archon  
  133  23:11  Disruptor (Chrono Boost)  
  139  23:14  Stalker x2  
  124  23:34  Phoenix (Chrono Boost)  
  124  23:39  Dark Templar  
  122  23:44  Dark Templar  
Show
View Real Time Build Order
Export as new Build Order

LiquidClem Terran - Winner!

Build Orders:  

Get SALT Encoding   

  12  0:01  SCV  
  13  0:13  SCV  
  14  0:21  Supply Depot  
  14  0:25  SCV  
  15  0:42  SCV  
  16  0:44  Barracks  
  16  0:45  Refinery  
  16  0:54  SCV  
  16  0:56  Refinery  
  17  1:06  SCV  
  18  1:18  SCV  
  19  1:30  Reaper, Orbital Command  
  19  1:32  Supply Depot  
  20  1:42  Factory  
  20  1:56  SCV  
  21  2:03  Barracks Reactor  
  21  2:08  SCV  
  22  2:15  Command Center  
  22  2:20  SCV  
  23  2:27  Hellion  
  25  2:31  Supply Depot  
  25  2:33  SCV  
  26  2:39  Marine  
  26  2:40  Marine  
  28  2:44  Starport  
  28  2:46  SCV  
  31  2:51  Widow Mine  
  31  2:58  Marine x2  
  31  3:01  SCV  
  36  3:13  SCV, Widow Mine  
  36  3:16  Marine x2  
  39  3:27  SCV, Medivac  
  42  3:34  Factory Tech Lab  
  42  3:35  Supply Depot, Marine x2  
  42  3:39  SCV  
  45  3:45  Orbital Command  
  45  3:51  SCV  
  45  3:54  Marine  
  45  3:55  Marine  
  48  3:59  Factory Tech Lab  
  48  4:03  SCV  
  48  4:04  Raven  
  48  4:07  Barracks  
  51  4:11  Supply Depot, SCV  
  52  4:18  Siege Tank  
  52  4:20  SCV  
  52  4:23  SCV, Marine  
  58  4:26  Marine  
  58  4:33  SCV  
  58  4:35  SCV  
  58  4:36  Barracks  
  58  4:39  Supply Depot  
  58  4:42  Bunker, Marine  
  58  4:44  Marine  
  60  4:46  SCV  
  60  4:47  SCV  
  60  4:52  Siege Tank  
  63  4:58  SCV, Refinery  
  63  4:59  SCV  
  65  5:03  Engineering Bay  
  65  5:05  Marauder  
  65  5:06  Marine x2  
  69  5:10  SCV  
  69  5:13  Stimpack  
  69  5:14  SCV  
  69  5:17  Supply Depot  
  70  5:22  SCV  
  70  5:30  SCV  
  70  5:31  Marine  
  70  5:35  Terran Infantry Weapons Level 1  
  71  5:36  SCV  
  71  5:37  Supply Depot  
  71  5:39  Marine  
  71  5:40  Marauder  
  75  5:43  SCV, Factory Reactor  
  75  5:45  Combat Shield  
  75  5:46  Refinery  
  75  5:49  SCV  
  77  5:50  Supply Depot  
  77  5:51  Starport Reactor  
  77  5:52  Marine  
  78  5:58  SCV  
  78  5:59  Supply Depot  
  78  6:00  Marine  
  78  6:01  SCV, Marauder  
  83  6:08  Marauder  
  83  6:10  Marine  
  86  6:13  Supply Depot  
  86  6:18  Marine  
  87  6:21  Command Center  
  89  6:25  Widow Mine  
  89  6:26  Widow Mine  
  89  6:31  Medivac x2  
  95  6:35  Marauder  
  95  6:36  Marine  
  95  6:39  Marauder  
  100  6:42  SCV x2  
  100  6:43  Marine  
  103  6:50  Widow Mine x2  
  107  6:56  Marine  
  107  6:57  Marauder  
  107  7:00  Marauder  
  107  7:01  Barracks, SCV  
  111  7:02  SCV, Barracks  
  111  7:03  Concussive Shells  
  111  7:05  Marine  
  114  7:11  Medivac x2  
  118  7:21  Supply Depot  
  118  7:32  Marauder, Marine x2  
  118  7:33  Widow Mine x2, Marauder  
  118  7:34  SCV x2  
  122  7:41  Medivac x2  
  113  7:50  Marine, Orbital Command  
  112  7:53  Barracks Tech Lab, Marauder  
  112  7:54  Barracks Reactor, Widow Mine  
  112  7:57  Widow Mine  
  112  7:58  SCV  
  111  8:00  SCV  
  111  8:02  Marine  
  105  8:05  Marauder  
  105  8:10  SCV, Terran Infantry Armor Level 1  
  105  8:12  SCV  
  102  8:18  Marauder x2  
  106  8:20  SCV  
  106  8:22  SCV  
  106  8:24  SCV  
  106  8:25  Orbital Command  
  106  8:26  Widow Mine x2  
  113  8:27  Marine  
  113  8:34  SCV, Marine x4  
  114  8:36  SCV  
  114  8:40  Marauder x2  
  124  8:46  SCV  
  125  8:49  Viking  
  125  8:52  SCV x2  
  125  8:53  Viking  
  131  8:58  Marauder  
  131  9:01  Supply Depot, SCV  
  134  9:04  SCV x2  
  134  9:06  Marauder  
  138  9:11  Marine x3  
  138  9:12  Supply Depot  
  138  9:13  Marine  
  138  9:16  SCV  
  141  9:20  Refinery  
  141  9:23  SCV x2, Marauder, Viking  
  147  9:25  Viking  
  147  9:29  Ghost Academy  
  149  9:33  SCV  
  149  9:35  SCV  
  149  9:37  SCV  
  149  9:38  Supply Depot  
  152  9:44  Marauder  
  152  9:45  SCV  
  154  9:47  SCV  
  154  9:49  Widow Mine  
  157  9:53  Widow Mine  
  157  9:56  Armory  
  157  9:57  Engineering Bay  
  157  9:59  Ghost  
  157  10:00  Supply Depot  
  157  10:04  Command Center  
  157  10:05  Ghost  
  159  10:08  Refinery  
  159  10:09  Marine x3  
  159  10:10  Marine  
  160  10:14  Ghost  
  160  10:18  Viking  
  160  10:19  Viking  
  164  10:27  Ghost  
  162  10:28  Supply Depot  
  162  10:29  Supply Depot  
  162  10:30  Marine x3  
  162  10:31  Marine  
  161  10:36  Ghost  
  158  10:45  Supply Depot, Terran Infantry Weapons Level 2  
  153  10:53  Marine x2  
  153  10:54  Marine x2  
  153  10:55  Marauder  
  148  11:01  Marine  
  132  11:05  Marauder  
  132  11:06  Terran Infantry Armor Level 2  
  132  11:07  Viking  
  132  11:10  Viking  
  132  11:11  Marine x2  
  134  11:13  Marine  
  134  11:14  Marine  
  134  11:17  Marauder  
  133  11:19  Marauder  
  133  11:24  Widow Mine x2  
  135  11:26  Marauder  
  135  11:27  Barracks  
  135  11:28  Marine  
  135  11:29  Barracks  
  135  11:30  Barracks  
  135  11:31  SCV, Marine  
  135  11:32  SCV x2  
  133  11:33  Marine x2  
  133  11:37  Ghost  
  137  11:42  Viking  
  137  11:43  SCV  
  137  11:44  SCV  
  137  11:45  SCV  
  139  11:47  Viking  
  141  11:55  Marine x4  
  141  11:56  SCV x2  
  141  11:57  SCV  
  148  12:04  Widow Mine  
  148  12:06  Widow Mine  
  148  12:08  SCV x2  
  153  12:11  Ghost  
  153  12:12  Viking  
  153  12:14  SCV  
  159  12:17  Refinery  
  159  12:18  Refinery, Terran Ship Weapons Level 1  
  159  12:20  Enhanced Shockwaves  
  159  12:25  Planetary Fortress  
  159  12:27  Marine x3  
  162  12:32  Marauder  
  162  12:34  Marauder  
  166  12:39  Medivac  
  166  12:40  Marauder  
  166  12:41  Medivac  
  171  12:49  SCV  
  171  12:50  SCV  
  167  12:53  Marauder  
  167  12:55  Marauder  
  167  12:57  Command Center  
  171  13:01  Marauder  
  164  13:07  Widow Mine x2  
  164  13:09  Medivac  
  164  13:11  Medivac  
  167  13:15  Marauder  
  167  13:16  Marauder  
  167  13:19  Marine  
  164  13:20  Marine  
  164  13:21  Marine  
  164  13:23  Marauder  
  164  13:29  Marine  
  147  13:36  Marauder, Marine x3  
  147  13:38  Marauder, Marine  
  147  13:39  Marine  
  156  13:42  Medivac, Widow Mine x2  
  156  13:43  Marine  
  156  13:44  Marauder  
  156  13:45  SCV  
  162  13:52  Medivac, Marine  
  162  13:54  Marine  
  162  13:55  Marine  
  155  13:57  Marauder  
  155  13:59  Marauder, Marine  
  155  14:00  Marine x2  
  163  14:03  Marine  
  163  14:06  Marauder  
  163  14:07  Widow Mine x2  
  171  14:10  SCV x4  
  170  14:17  Medivac  
  170  14:19  Marauder  
  170  14:21  Marauder  
  170  14:22  Medivac  
  176  14:27  Marauder  
  176  14:29  Widow Mine x2  
  180  14:31  Barracks Tech Lab  
  180  14:32  Barracks Tech Lab  
  180  14:38  SCV x2  
  182  14:39  Barracks Reactor, SCV x2  
  182  14:40  Marauder  
  182  14:41  Ghost  
  182  14:43  Marine x2  
  182  14:44  Marine  
  184  14:47  Ghost  
  184  14:49  SCV  
  184  14:50  Marine  
  184  14:56  Medivac x2, Widow Mine x2  
  192  15:01  Ghost  
  192  15:02  Marauder  
  192  15:06  Terran Infantry Weapons Level 3  
  196  15:08  Planetary Fortress  
  196  15:10  Marauder  
  196  15:17  Widow Mine, Marauder  
  158  15:22  Ghost  
  158  15:23  Marauder, Marine x2  
  158  15:25  Marine x2  
  158  15:26  Marine  
  159  15:30  Widow Mine, Marine, Ghost  
  159  15:31  Ghost  
  162  15:38  Widow Mine, Marauder  
  162  15:40  Marine  
  162  15:41  Marine  
  164  15:43  Marine  
  164  15:44  Marauder, Marine  
  165  15:51  Widow Mine, Marauder  
  165  15:53  Marine  
  166  15:57  Viking  
  166  15:59  Marauder  
  166  16:00  Widow Mine, Marauder x2  
  166  16:01  Viking  
  166  16:03  Marine x2  
  168  16:06  Marauder  
  164  16:12  Widow Mine, Marauder, Marine  
  164  16:13  Marine  
  162  16:18  Marine  
  162  16:19  Marine  
  162  16:20  Marauder, Ghost  
  162  16:21  Ghost  
  162  16:22  Marine x2  
  165  16:26  Widow Mine, Ghost  
  165  16:27  Viking  
  165  16:30  Marine x2  
  165  16:32  Viking  
  173  16:33  Ghost  
  173  16:35  Widow Mine  
  173  16:36  Marine  
  177  16:41  Ghost  
  177  16:46  Marine x2  
  177  16:50  Marauder x2  
  177  16:53  Widow Mine  
  174  16:54  Marine x2  
  174  16:56  Terran Infantry Armor Level 3, Terran Ship Weapons Level 2, Marauder  
  174  16:57  Viking, Marine  
  181  17:05  Marauder  
  181  17:07  Viking  
  183  17:10  Widow Mine, Marauder  
  183  17:11  Marauder  
  183  17:13  Marauder  
  180  17:17  Marauder, Marine  
  180  17:19  Marine  
  180  17:21  Marine  
  180  17:22  Marine  
  186  17:23  Marine  
  186  17:24  Marine  
  186  17:26  Marauder  
  186  17:27  Viking  
  190  17:32  Marauder x2  
  190  17:34  Marauder  
  149  17:37  Viking, Orbital Command  
  190  17:38  Marauder, Marine  
  195  17:48  Marauder  
  195  17:50  Refinery x2, Marine x2  
  195  17:51  Marine  
  199  17:53  Personal Cloaking  
  199  17:56  Marauder  
  200  18:02  Missile Turret, Sensor Tower  
  200  18:06  Fusion Core  
  198  18:16  Ghost  
  198  18:17  Refinery  
  198  18:18  Refinery  
  200  18:27  Sensor Tower  
  200  18:28  Command Center, Missile Turret  
  200  18:47  Starport  
  198  18:52  Liberator x2  
  199  19:00  Marine x2, Ghost  
  199  19:01  Marauder x2  
  199  19:02  Ghost x2  
  188  19:03  Marine x2  
  188  19:05  Marine  
  187  19:12  Marine  
  187  19:18  Marine  
  187  19:19  Marine  
  187  19:22  Advanced Ballistics  
  187  19:23  Marauder x2  
  188  19:28  Liberator, Ghost  
  188  19:29  Liberator  
  188  19:30  Ghost  
  188  19:31  Marauder  
  200  19:42  Orbital Command  
  198  19:57  Liberator  
  199  20:07  Sensor Tower  
  199  20:08  Missile Turret  
  199  20:19  Marauder  
  196  20:29  Liberator  
  196  20:32  Ghost  
  196  20:33  Marine x2  
  196  20:34  Marauder  
  197  20:39  Liberator x2  
  197  20:40  Ghost  
  173  20:43  Marine  
  173  20:44  Marauder x2, Marine  
  173  20:45  Marine x2  
  165  20:51  Liberator  
  165  20:54  Marine, Ghost  
  166  21:00  Ghost  
  154  21:06  Marauder x2  
  154  21:09  Marauder  
  154  21:10  Marine  
  154  21:11  Marine x3  
  147  21:12  Liberator, Marine  
  147  21:13  SCV  
  147  21:18  Command Center  
  154  21:22  Liberator  
  154  21:24  Marauder  
  153  21:26  Liberator, Ghost  
  153  21:27  Marauder  
  153  21:29  Marauder  
  162  21:33  Terran Ship Weapons Level 3  
  162  21:34  Liberator  
  162  21:35  Marauder, Marine  
  162  21:36  Marine x5  
  173  21:45  Marauder  
  175  21:48  Marauder  
  175  21:50  Sensor Tower  
  175  21:51  Marauder  
  175  21:53  Marine  
  180  21:55  Liberator, Marauder  
  180  21:56  Ghost  
  184  22:05  Liberator  
  184  22:06  Marauder  
  184  22:08  Marine  
  190  22:09  Liberator  
  190  22:10  Marauder  
  190  22:11  Ghost  
  193  22:17  Liberator, Marauder  
  196  22:25  Marauder  
  196  22:28  SCV, Marauder  
  182  22:31  Marauder  
  182  22:33  SCV  
  182  22:34  SCV  
  160  22:38  Medivac, Marauder  
  160  22:41  Marauder  
  166  22:44  Marine  
  166  22:46  Marauder  
  166  22:48  Liberator  
  169  22:53  Liberator  
  172  23:06  Planetary Fortress  
  172  23:15  Marauder  
  172  23:18  Marine  
  172  23:19  Marauder  
  177  23:25  Marauder  
  177  23:26  Marauder  
  180  23:27  Marine  
  173  23:35  Marauder  
  173  23:36  Marauder  
  173  23:39  Missile Turret  
  177  23:42  Marauder  
  177  23:47  Marauder  
  180  23:57  Marauder  
Tags
 
Add a new tag
Caveats
  • Supply blocks, unpowered buildings, or Contaminate may cause inaccurate times.
  • Supply counts are checked every 10 seconds.